AoeStats
← kikoparket

Golden Pit

510181410Analyzed
1v1 RM · 4d ago on Sep 29, 2026· 43m 25s· 2 players
Game mode
Random Map
Map size
Tiny (2 player)
Population
200
Speed
Normal
Resources
Standard
Victory
Conquest
Starting age
Dark Age
Ending age
Imperial Age
RankedLock teamsTeams togetherTeam positionsShared explorationLock speedFull tech treeHidden civsTurbo modeCheats
Victory
Defeat
🇺🇸 Inca · United States
611
+16
🇪🇸 Chinese · Spain
608
-16
kikoparket
11:17 Feudal Age
12:17 Town Watch
13:11 Wheelbarrow
20:09 Fletching
21:34 Horse Collar
25:30 Castle Age
25:03 Gold Mining
25:03 Stone Mining
25:34 Forging
25:30 Scale Barding Armor
25:26 Padded Archer Armor
28:07 Stone Shaft Mining
33:14 Double-Bit Axe
37:45 Gold Shaft Mining
TheBullMiner
6:24 Loom
11:10 Feudal Age
15:16 Wheelbarrow
20:17 Castle Age
18:18 Horse Collar
18:32 Double-Bit Axe
19:29 Town Watch
19:44 Stone Mining
20:06 Gold Mining
21:40 Fletching
23:54 Padded Archer Armor
23:56 Scale Mail Armor
23:21 Champi Runner
28:17 Heavy Plow
28:55 Pikeman
34:38 Imperial Age
32:40 Town Watch
33:15 Squires
39:12 Fabric Shields
44:37 Hoardings
Connection lost

Rejoining the realm…

Still unreachable

The connection could not be restored.

Session expired

The server has moved on; the page needs a fresh start.